 Dungeon Crawl Stone Soup version 0.30-a0-586-g23e55c9e0a (webtiles) character file.

Game seed: 12583365612662341711

84 Sabo the Poker (level 4, 0/34 HPs)
             Began as a Merfolk Gladiator on Jan 3, 2023.
             Slain by a scorpion (4 damage)
             ... on level 4 of the Dungeon.
             The game lasted 00:16:11 (3057 turns).

Sabo the Poker (Merfolk Gladiator)                  Turns: 3057, Time: 00:16:12

Health: 0/34       AC:  8    Str: 16    XL:     4   Next: 46%
Magic:  4/4        EV: 12    Int:  7    God:
Gold:   135        SH:  0    Dex: 15    Spells: 3/3 levels left

rFire   . . .      SeeInvis .    a - +0 trident
rCold   . . .      Faith    .    (no shield)
rNeg    + . .      Spirit   .    l - +2 ring mail {rN+}
rPois   .          Reflect  .    k - +0 helmet
rElec   .          Harm     .    (no cloak)
rCorr   .          Rampage  .    (no gloves)
Will    .....                    (no boots)
Stlth   +                        (no amulet)
HPRegen 0.25/turn                (no ring)
MPRegen 0.09/turn                (no ring)

@: no status effects
A: (nimble swimmer 2), mertail
a: no special abilities


You were on level 4 of the Dungeon.
You visited 1 branch of the dungeon, and saw 4 of its levels.

You collected 135 gold pieces.

Inventory:

Hand Weapons
 a - a +0 trident (weapon)
 q - a +0 short sword of venom
 s - a +2 dagger of venom
Missiles
 d - 3 throwing nets (quivered)
 e - a javelin
 u - 2 poisoned darts
Armour
 k - a +0 helmet (worn)
 l - a +2 ring mail of positive energy (worn)
Wands
 h - a wand of digging (6)
Scrolls
 g - a scroll of blinking
 p - a scroll of magic mapping
 r - a scroll of teleportation
 t - a scroll of identify
Potions
 b - a potion of mutation {unknown}
 c - 2 potions of invisibility
 f - 2 potions of cancellation
 i - a potion of flight {unknown}
 j - a potion of might {unknown}
 m - 3 potions of heal wounds
 n - a potion of curing {unknown}
 o - a potion of berserk rage {unknown}


   Skills:
 + Level 2.8 Fighting
 + Level 5.5 Polearms
 + Level 2.1 Throwing
 + Level 0.6 Armour
 + Level 4.7 Dodging


You had 3 spell levels left.
You didn't know any spells.
Your spell library contained the following spells:

 Spells                   Type           Power      Damage    Failure   Level
 Cigotuvi's Dreadful Rot  Necr/Pois/Air  0%         N/A       80%         2
 Poisonous Vapours        Pois/Air       0%         N/A       80%         2
 Mephitic Cloud           Conj/Pois/Air  0%         N/A       95%         3


Dungeon Overview and Level Annotations

Branches:
Dungeon (4/15)
 Temple: D:4-7

Altars:

Annotations:
D:4 Grinder


Innate Abilities, Weirdness & Mutations

((You are very nimble when in or above water. (Stealth+, EV+, Speed+++)))
Your lower body shifts to a powerful aquatic tail in water.


Message History

You barely resist. You hit Grinder but do no damage.
Grinder is moderately wounded.
Grinder barely misses you.
You hit Grinder but do no damage.
Grinder is moderately wounded.
Grinder hits you but does no damage.
You hit Grinder but do no damage.
Grinder is moderately wounded.
Grinder gestures at you.
You suddenly lose the ability to move!
Grinder gestures at you. Pain shoots through your body!
Grinder hits you but does no damage. Grinder gestures at you.
Pain shoots through your body! Grinder hits you.
You can move again.
You puncture Grinder!
Grinder is heavily wounded.
Grinder hits you!
You writhe in agony.
You hit Grinder.
Grinder is heavily wounded.
Grinder blinks!
Grinder blinks!
Grinder gestures at you. Pain shoots through your body!
A jelly comes into view.
The jelly quivers.
A scorpion comes into view.
You hit Grinder.
Grinder is heavily wounded.
Grinder hits you!
* * * LOW HITPOINT WARNING * * *
You writhe in agony.
* * * LOW HITPOINT WARNING * * *
You barely miss Grinder.
Grinder is heavily wounded.
The scorpion barely misses you.
Grinder blinks!
The scorpion stings you.
You die...

...........#.#
........####.####.#
.......# #.....#
....... ##.###.#
....... #..#
....<..####.##
........##..#
.......J.ยง..#
.......s@...##
###.5.#......#
#..##..####..# #..#
#..# ##... #.. #..#
#.# #.. #..# # ..
...# ..... #####..


You could see Grinder, a scorpion and a jelly.

Vanquished Creatures
  A worm (D:2)
  A dart slug (D:1)
  3 orcs
  7 ball pythons
  7 bats
  7 endoplasms
  3 giant cockroaches
  5 goblins
  8 hobgoblins
  4 jackals (D:1)
  10 kobolds
  5 frilled lizards
  7 rats
68 creatures vanquished.

Vanquished Creatures (others)
  2 plants (D:3)
2 creatures vanquished.

Grand Total: 70 creatures vanquished

Notes
Turn   | Place    | Note
-------+----------+-------------------------------------------
     0 | D:1      | Sabo the Merfolk Gladiator began the quest for the Orb.
     0 | D:1      | Reached XP level 1. HP: 16/16 MP: 1/1
    99 | D:1      | Reached XP level 2. HP: 14/22 MP: 2/2
   422 | D:1      | You fall into a shaft and drop 1 floor!
   527 | D:1      | Reached XP level 3. HP: 28/28 MP: 3/3
  1188 | D:2      | Reached skill level 5 in Polearms
  1722 | D:2      | Reached XP level 4. HP: 34/34 MP: 4/4
  2062 | D:2      | Upgraded the game from 0.30-a0-585-g93115170b9 to
                  | 0.30-a0-586-g23e55c9e0a
  3023 | D:4      | Noticed Grinder
  3023 | D:4      | Paralysed by Grinder for 4 turns
  3040 | D:4      | Paralysed by Grinder for 5 turns
  3055 | D:4      | Noticed a scorpion
  3057 | D:4      | Slain by a scorpion

Illustrated notes

Levels and vault maps discovered:
D:1:      elethiomel_arrival_infinity_welcomes_careful_drivers, layout_basic
D:2:      layout_basic
D:3:      layout_loops_ring, serial_bayou_pond_c
D:4:      layout_layer_cave, nicolae_overflow_two_pavilions, marbit_many_paths,
          uniq_grinder

Skill      XL: |  1  2  3 |
---------------+----------+-----
Polearms       | 5 |  5.5
Fighting       | |  2.8
Throwing       | |  2.1
Armour         | |  0.6
Dodging        | |  4.7

Action                   |  1- 3 |  4- 6 || total
-------------------------+-------+-------++-------
Melee: Trident           |   123 |    72 ||   195
  Use: Scroll            |       |     5 ||     5
Armor: Leather armour    |    13 |       ||    13
       Ring mail         |    38 |    29 ||    67
Dodge: Dodged            |   106 |    35 ||   141

Table legend: (Time is in decaauts)
 A = Elapsed time spent in this place.
 B = Non-inter-level travel time spent in this place.
 C = Inter-level travel time spent in this place.
 D = Time resting spent in this place.
 E = Time spent auto-exploring this place.
 F = Levels seen in this place.
 G = Mean time per level.
                   A        B        C        D        E       F      G
               +--------+--------+--------+--------+--------+-----+--------+
         Total |   3052 |   3052 |      0 |    198 |      0 |   4 |  763.0 |
       Dungeon |   3052 |   3052 |      0 |    198 |      0 |   4 |  763.0 |
               +--------+--------+--------+--------+--------+-----+--------+

Top non-repeatable levels by time:
     D:2: 1049 daAuts
     D:1: 1026 daAuts
     D:3: 856 daAuts
     D:4: 119 daAuts
